cohdb
Replays
Latest Replays
All Replays
Popular Replays
Top Player Replays
Match Explorer
How It Works
Community
CoH3 Stats
Reddit
Sign in to upload your games and track your stats! →
Sign in with Steam
Match 41248184
Unlisted
Match 41248184
Overview
Messages
Build Orders
End
Selects Special Operations Battlegroup
Selects M29 Weasel Recon Vehicle
M29 Weasel Recon Vehicle
Construct Barracks
Riflemen Squad
M1 Mortar Team
Grenade Package
Construct Weapon Support Center
Bazooka Squad
Bazooka Squad
Selects Raiding Flares
Selects Raiding Flares
Infantry Support Center
Sniper
barak
precipitation
War Machine
Husar
黄色的鸟
RED
0
0
Comments
sign in to comment!
No comments posted yet!